 Dungeon Crawl Stone Soup version bcrawl-1.19.2-6-g6a88ae04c9 (webtiles) character file.

Game seed: 8203294216191708660

100 Anathary the Skirmisher (level 4, -1/39 (40) HPs)
             Began as a Ghoul Fighter on Dec 20, 2019.
             Slain by a ball python (2 damage)
             ... on level 3 of the Dungeon.
             The game lasted 00:08:07 (1707 turns).

Anathary the Skirmisher (Ghoul Fighter)             Turns: 1707, Time: 00:08:08

HP:   -1/39 (40)    AC:  6    Str: 20    XL:     4   Next: 73%
MP:   3/3           EV:  4    Int:  3    God:
Gold: 62            SH:  9    Dex:  8    Spells: 3/3 levels left

rFire    . . .     SeeInvis .   k - -1 whip (curse)
rCold    + . .     Gourm    .   b - +0 shield
rNeg     + + +     Faith    .   a - +0 scale mail
rPois    ∞         Spirit   .   (no helmet)
rElec    .         Reflect  .   (no cloak)
rCorr    .         Harm     .   (no gloves)
MR       .....                  (no boots)
Stlth    ..........             (no amulet)
HPRegen  0.00/turn              (no ring)
MPRegen  0.08/turn              (no ring)

@: rotting, constricted
A: rotting body, claws 1, carnivore, cold resistance 1, negative energy
resistance 3, inhibited regeneration, torment resistance, unbreathing
a: no special abilities


You were on level 3 of the Dungeon.
You were not hungry.

You visited 1 branch of the dungeon, and saw 3 of its levels.

You collected 62 gold pieces.

Inventory:

Hand Weapons
 k - a cursed -1 whip (weapon)
Armour
 a - a +0 scale mail (worn)
 b - a +0 shield (worn)
Jewellery
 f - an uncursed ring of protection from cold {unknown}
Potions
 c - a potion of might
 d - 2 potions of heal wounds
 e - a potion of agility {unknown}
 g - 2 potions of mutation {unknown}
 i - 2 potions of curing {unknown}
 j - a potion of degeneration {unknown}
 m - a potion of brilliance {unknown}
Comestibles
 h - 3 rations {!d}


   Skills:
 + Level 3.7 Fighting
 + Level 1.2 Maces & Flails
 + Level 3.3 Armour
 + Level 0.6 Dodging
 + Level 3.4 Shields
 + Level 2.7 Unarmed Combat


You had 3 spell levels left.
You didn't know any spells.
Your spell library was empty.

Dungeon Overview and Level Annotations

Branches:
Dungeon (3/12)

Altars:
Trog


Innate Abilities, Weirdness & Mutations

Your body is rotting away.
You thrive on raw meat.
You are immune to poison.
You have sharp fingernails.
You are carnivorous and can eat meat at any time.
Your flesh is cold resistant. (rC+)
You are immune to negative energy. (rN+++)
You do not regenerate when monsters are visible.
You are immune to unholy pain and torment.
You can survive without breathing.


Message History

You block the ball python's attack. The ball python constricts you.
The adder bites you but does no damage. You block the orc's attack.
The orc hits you.
* * * LOW HITPOINT WARNING * * *
The orc hits you with a +0 club.
* * * LOW HITPOINT WARNING * * *
You block the orc wizard's attack.
You miss the adder.
The adder is moderately wounded.
The ball python completely misses you. The ball python constricts you.
You block the orc's attack. You block the adder's attack.
The orc wizard hits you but does no damage.
The orc hits you.
* * * LOW HITPOINT WARNING * * *
The orc hits you with a +0 hand axe.
* * * LOW HITPOINT WARNING * * *
The orc hits you with a +0 club.
* * * LOW HITPOINT WARNING * * *
The orc barely misses you. The ball python bites you.
You die...

#. . ###### #.
...... .
###.....
##.##.....
.###?.#...$#
......oo...##...
......S@S.......
......ooo.###...
..........#
.........?#
...######## .. .


You could see an orc wizard, an adder, 4 orcs and a ball python.

Vanquished Creatures
  Jessica (D:2)
  An ooze (D:2)
  4 dart slugs
  2 leopard geckos
  3 ball pythons
  3 giant cockroaches
  8 hobgoblins
  2 jackals (D:1)
  9 bats
  4 frilled lizards
  7 goblins
  9 kobolds
  5 rats
58 creatures vanquished.

Notes
Turn   | Place    | Note
-------+----------+-------------------------------------------
     0 | D:1      | Anathary the Ghoul Fighter began the quest for the Orb.
     0 | D:1      | Reached XP level 1. HP: 19/19 MP: 0/0
    38 | D:1      | Reached XP level 2. HP: 26/26 MP: 1/1
   324 | D:1      | Reached XP level 3. HP: 21/31 MP: 2/2
  1052 | D:2      | Reached XP level 4. HP: 40/40 MP: 3/3
  1064 | D:2      | Found a bloodstained altar of Trog.
  1122 | D:2      | Noticed Jessica
  1164 | D:2      | Killed Jessica
  1164 | D:2      | Reached skill level 1 in Maces & Flails
  1707 | D:3      | HP: 1/39 [orc/+0 club (2)]
  1707 | D:3      | Slain by a ball python

Skill      XL: |  1  2  3  4 |
---------------+-------------+-----
Shields        | 3 |  3.4
Armour         | 3 |  3.3
Maces & Flails | 1 |  1.2
Fighting       | |  3.7
Dodging        | |  0.6
Unarmed Combat | |  2.7

Action                   |  1- 3 |  4- 6 || total
-------------------------+-------+-------++-------
Melee: Unarmed           |    81 |       ||    81
       Whip              |    80 |    83 ||   163
  Use: Scroll            |     2 |     2 ||     4
  Eat: Chunk             |    16 |     5 ||    21
Armor: Scale mail        |    85 |    37 ||   122
Dodge: Dodged            |    70 |    32 ||   102
Block: Shield            |    81 |    55 ||   136
